cohdb
Replays
Latest Replays
All Replays
Popular Replays
Top Player Replays
Match Explorer
How It Works
Community
CoH3 Stats
Reddit
Sign in to upload your games and track your stats! →
Sign in with Steam
Match 43301944
Unlisted
Match 43301944
Overview
Messages
Build Orders
End
Pioneer Squad
Construct Infanterie Kompanie
Selects Mechanized Battlegroup
Grenadier Squad
MG 42 Machine Gun Team
Grenadier Squad
Construct Luftwaffe Kompanie
Jäger Squad
Support Elements
Wirbelwind Flakpanzer
Jäger Squad
Wirbelwind Flakpanzer
Medical Bunker
Luftwaffe Officer Quarters
Selects Spotting Scopes
Selects Wespe Self-propelled Artillery
Selects Raid Package
Wespe Self-propelled Artillery
Bald
FartNoise
DrewP
Dillbro
0
0
Comments
sign in to comment!
No comments posted yet!